 Dungeon Sprint DCSS version 0.29-a0-911-g88e6f02907 (webtiles) character file.

Game seed: 2479278431661356070

12835 rocky1 the Spry (level 11, -2/100 HPs)
             Began as a Merfolk Gladiator on July 26, 2022.
             Was a High Priest of Okawaru.
             Killed from afar by a deep elf sorcerer (38 damage)
             ... with a bolt of acid
             ... in the Dungeon (Sprint VII: "The Pits").
             The game lasted 00:14:06 (3691 turns).

rocky1 the Spry (Merfolk Gladiator)                 Turns: 3691, Time: 00:14:07

Health: -2/100     AC: 26    Str: 14    XL:     11   Next: 99%
Magic:  13/18      EV: 14    Int: 11    God:    Okawaru [*****.]
Gold:   48         SH:  0    Dex: 20    Spells: 10/10 levels left

rFire   . . .      SeeInvis .   b - +2 scimitar (flame)
rCold   . . .      Faith    .   (no shield)
rNeg    . . .      Spirit   .   t - +3 plate armour
rPois   .          Reflect  .   c - +0 helmet
rElec   .          Harm     .   u - +0 cloak
rCorr   .          Rampage  .   (no gloves)
Will    .....      NoTele   +   (no boots)
Stlth   ..........              (no amulet)
HPRegen 0.26/turn               D - +3 ring of protection
MPRegen 0.16/turn               q - +3 ring of intelligence

@: heroic, finesse-ful, invisible
A: (nimble swimmer 2), mertail
a: Renounce Religion, Heroism, Finesse


You were in the Dungeon.
You worshipped Okawaru.
Okawaru was extremely pleased with you.
You visited 1 branch You collected 48 gold pieces.

Inventory:

Hand Weapons
 a - a +4 vorpal triple crossbow
 b - a +2 scimitar of flaming (weapon)
 n - a +2 long sword of holy wrath
 o - a +4 vorpal trident
 p - a +2 halberd of protection
 y - the +4 great sword of the Evil Eye {vorpal, rPois Str-5 Int+3}
   (You found it in the Dungeon)

   It inflicts extra damage upon your enemies.
   Str:       It affects your strength (-5).
   Int:       It affects your intelligence (+3).
   rPois:     It protects you from poison.
Missiles
 d - 3 throwing nets
 e - a javelin (quivered)
Armour
 c - a +0 helmet (worn)
 j - the +3 buckler of the Echidna {*Slow Int+3 Stlth+}
   (Okawaru gifted it to you in the Dungeon)

   Int:       It affects your intelligence (+3).
   *Slow:     It may slow you when you take damage.
   Stlth:     It makes you more stealthy.
 t - a +3 plate armour (worn)
 u - a +0 cloak (worn)
Jewellery
 q - a +3 ring of intelligence (right hand)
 z - a ring of ice
 A - a ring of poison resistance
 D - a +3 ring of protection (left hand)
Scrolls
 k - 3 scrolls of blinking
 m - 5 scrolls of amnesia
 r - a scroll of fear
 v - 6 scrolls of enchant armour
 x - 2 scrolls of enchant weapon
 B - 3 scrolls of identify
 C - a scroll of poison
Potions
 f - 9 potions of curing
 g - 11 potions of heal wounds
 h - 6 potions of haste
 i - 4 potions of magic
 l - a potion of invisibility
 s - 2 potions of brilliance
 w - a potion of resistance


   Skills:
 + Level 14.2(19.2) Fighting
 + Level 15.7(20.7) Long Blades
 + Level 15.6(20.6) Polearms
 - Level 2.0(7.0) Throwing
 + Level 10.1(15.1) Armour
 + Level 17.0(22.0) Dodging
 - Level 10.2 Invocations


You had 10 spell levels left.
You didn't know any spells.
Your spell library was empty.

Dungeon Overview and Level Annotations

Branches:
Dungeon (1/1)

Altars:
Ashenzari
Cheibriados
Dithmenos
Elyvilon
Fedhas
Gozag
Hepliaklqana
Kikubaaqudgha
Makhleb
Nemelex Xobeh
Okawaru
Qazlal
Ru
Sif Muna
Trog
Uskayaw
Vehumet
Wu Jian
Xom
Yredelemnul
Zin
The Shining One
Jiyva
Lugonu


Innate Abilities, Weirdness & Mutations

((You are very nimble when in or above water. (Stealth+, EV+, Speed+++)))
Your lower body shifts to a powerful aquatic tail in water.


Message History

You closely miss the anaconda.
The anaconda is almost dead.
You barely miss the anaconda.
The anaconda is almost dead.
The white draconian hits you from afar with a +0 trident!
The anaconda closely misses you. The anaconda constricts you.
The yaktaur shoots a bolt.
The bolt closely misses you.
You closely miss the anaconda.
The anaconda is almost dead.
You hit the anaconda but do no damage. You punch the anaconda.
The anaconda is almost dead.
The anaconda bites you but does no damage.
The anaconda constricts you. The white draconian barely misses you.
You hit the anaconda. You burn the anaconda.
The anaconda is almost dead.
The anaconda closely misses you. The anaconda constricts you.
The yaktaur shoots a bolt.
The bolt hits you but does no damage.
You closely miss the anaconda.
The anaconda is almost dead.
You slash the anaconda! You burn the anaconda.
You kill the anaconda!
Okawaru is honoured by your kill.
The deep elf sorcerer gestures at you while chanting.
The sphere of damnation explodes!
The damnation engulfs you!!
The white draconian hits you but does no damage.
Your base Dodging skill increases to level 17!
The yaktaur shoots a bolt.
The bolt hits you. The deep elf sorcerer misses you.
The deep elf sorcerer attacks as you move away!
The deep elf sorcerer hits you but does no damage.
The yaktaur unwields a +0 arbalest.
The yaktaur hits you!
* * * LOW HITPOINT WARNING * * *
Unknown command.
You feel much better.
The deep elf sorcerer hits you but does no damage.
The white draconian hits you from afar with a +0 trident!
The deep elf sorcerer hits you with a +0 dagger.
You fade into invisibility!
The deep elf sorcerer casts a spell at you.
The bolt of acid hits you!!!
You die...

#..#....#..#
+..........#
+..........#
#..#....#..#
#..........+
#..........+
###''####''#
###''####''########
#.Vde@.##..........
#.#†##N##..).......
#.#[[ 3##..######## #
'")#c##..# .#.|+.##..#
+###########.+.)#.##..#
......##..## ##+#.##..#
......##..# .##..#
......''..# #..#


You could see a white draconian (unable to see you), a nagaraja (fast), a deep
elf sorcerer (fast), a yaktaur (unable to see you), a neqoxec (unable to see
you) and a vampire.

Vanquished Creatures
  A deep elf master archer (D)
  A death cob (D)
  A great orb of eyes (D)
  A boulder beetle (D)
  An anaconda (D)
  A catoblepas (D)
  A sea snake (D)
  A deep elf pyromancer (D)
  2 cyclopes (D)
  A wolf spider (D)
  A smoke demon (D)
  An orange demon (D)
  A kobold demonologist (D)
  A komodo dragon (D)
  2 cane toads (D)
  A demonic crawler (D)
  A yaktaur (D)
  2 guardian mummies (D)
  2 hornets (D)
  A small abomination (D)
  A wraith (D)
  2 ynoxinuls (D)
  A fire bat (D)
  2 basilisks (D)
  A steam dragon (D)
  2 wargs (D)
  2 water moccasins (D)
  An orc warrior (D)
  A swamp drake (D)
  6 wolves (D)
  A centaur (D)
  A phantom (D)
  2 kobold brigands (D)
  A necrophage (D)
  4 wights (D)
  5 killer bees (D)
  A crimson imp (D)
  Crazy Yiuf (D)
  2 orc priests (D)
  An iguana (D)
  An orc wizard (D)
  3 river rats (D)
  An adder (D)
  A gnoll (D)
  2 white imps (D)
  An adder skeleton (D)
  6 orcs (D)
  3 giant cockroaches (D)
  A goblin (D)
  6 jackals (D)
  2 kobolds (D)
  2 quokkas (D)
  A ball python (D)
  A frilled lizard (D)
  2 rats (D)
95 creatures vanquished.

Vanquished Creatures (others)
  A bat zombie (D)
1 creature vanquished.

Grand Total: 96 creatures vanquished

Notes
Turn   | Place    | Note
-------+----------+-------------------------------------------
     0 | D        | rocky1 the Merfolk Gladiator began the quest for the Orb.
     0 | D        | Reached XP level 1. HP: 16/16 MP: 1/1
    21 | D        | Found a bloodstained altar of Trog.
    21 | D        | Found a shimmering blue altar of Sif Muna.
    21 | D        | Found a viscous altar of Jiyva.
    21 | D        | Found a hazy altar of Hepliaklqana.
    21 | D        | Found an opulent altar of Gozag.
    22 | D        | Found a glowing golden altar of the Shining One.
    22 | D        | Found a glowing silver altar of Zin.
    22 | D        | Found a basalt altar of Yredelemnul.
    22 | D        | Found a shimmering altar of Xom.
    22 | D        | Found an ornate altar of the Wu Jian Council.
    22 | D        | Found a sacrificial altar of Ru.
    22 | D        | Found a stormy altar of Qazlal.
    22 | D        | Found an iron altar of Okawaru.
    22 | D        | Found a sparkling altar of Nemelex Xobeh.
    22 | D        | Found a burning altar of Makhleb.
    22 | D        | Found a blossoming altar of Fedhas.
    22 | D        | Found a white marble altar of Elyvilon.
    22 | D        | Found a shadowy altar of Dithmenos.
    22 | D        | Found a snail-covered altar of Cheibriados.
    25 | D        | Found a corrupted altar of Lugonu.
    25 | D        | Found a radiant altar of Vehumet.
    26 | D        | Found an ancient bone altar of Kikubaaqudgha.
    26 | D        | Found a hide-covered altar of Uskayaw.
    26 | D        | Found a broken altar of Ashenzari.
    30 | D        | Became a worshipper of Warmaster Okawaru
   164 | D        | Reached skill level 1 in Invocations
   169 | D        | Reached skill level 1 in Armour
   169 | D        | Reached XP level 2. HP: 21/23 MP: 2/2
   202 | D        | Noticed a water moccasin
   223 | D        | Killed a water moccasin
   223 | D        | Reached * piety under Okawaru
   224 | D        | Reached skill level 5 in Fighting
   224 | D        | Reached skill level 6 in Dodging
   224 | D        | Reached XP level 3. HP: 13/33 MP: 2/6
   224 | D        | Reached XP level 4. HP: 16/39 MP: 2/7
   224 | D        | Reached XP level 5. HP: 18/44 MP: 2/8
   235 | D        | Reached skill level 7 in Dodging
   477 | D        | Noticed a fire bat
   484 | D        | Killed a fire bat
   485 | D        | Reached skill level 8 in Dodging
   485 | D        | Reached skill level 5 in Invocations
   485 | D        | Reached XP level 6. HP: 52/52 MP: 6/10
   506 | D        | Reached skill level 5 in Polearms
   517 | D        | Reached ** piety under Okawaru
   518 | D        | Reached skill level 9 in Dodging
   518 | D        | Reached XP level 7. HP: 29/60 MP: 9/11
   808 | D        | Noticed a warg
   808 | D        | Noticed a warg
   816 | D        | Killed a warg
   817 | D        | Reached skill level 5 in Armour
   817 | D        | Reached skill level 10 in Dodging
   821 | D        | Killed a warg
   972 | D        | Noticed a smoke demon
   972 | D        | Noticed a komodo dragon
   984 | D        | Killed a komodo dragon
   984 | D        | Reached *** piety under Okawaru
   985 | D        | Reached XP level 8. HP: 25/69 MP: 11/13
   990 | D        | Killed a smoke demon
   991 | D        | Reached skill level 10 in Long Blades
   991 | D        | Reached skill level 11 in Dodging
  1339 | D        | Noticed a ynoxinul
  1348 | D        | Killed a ynoxinul
  1462 | D        | Noticed a cyclops
  1463 | D        | Noticed Crazy Yiuf
  1463 | D        | Noticed a hornet
  1475 | D        | Killed a cyclops
  1475 | D        | Reached **** piety under Okawaru
  1476 | D        | Reached XP level 9. HP: 47/77 MP: 12/15
  1478 | D        | Killed Crazy Yiuf
  1484 | D        | Killed a hornet
  1517 | D        | Reached skill level 12 in Dodging
  1776 | D        | Noticed a sea snake
  1793 | D        | Killed a sea snake
  1794 | D        | Reached skill level 10 in Fighting
  1794 | D        | Reached skill level 10 in Polearms
  2018 | D        | Noticed an orange demon
  2018 | D        | Noticed a boulder beetle
  2019 | D        | Noticed a cane toad
  2028 | D        | Killed a cane toad
  2028 | D        | Reached ***** piety under Okawaru
  2029 | D        | Reached skill level 10 in Invocations
  2041 | D        | Killed an orange demon
  2042 | D        | Reached skill level 13 in Dodging
  2042 | D        | Reached XP level 10. HP: 86/86 MP: 17/17
  2176 | D        | Killed a boulder beetle
  2350 | D        | Identified the +3 buckler of the Echidna {*Slow Int+3
                  | Stlth+} (Okawaru gifted it to you in the Dungeon)
  2350 | D        | Received a gift from Okawaru
  2440 | D        | Noticed a demonic crawler
  2446 | D        | Noticed a deep elf master archer
  2447 | D        | Noticed a catoblepas
  2453 | D        | Noticed a kobold demonologist
  2459 | D        | Killed a demonic crawler
  2460 | D        | Reached skill level 14 in Dodging
  2478 | D        | Killed a deep elf master archer
  2479 | D        | Noticed a cyclops
  2491 | D        | Killed a catoblepas
  2492 | D        | Reached skill level 15 in Dodging
  2492 | D        | Reached XP level 11. HP: 47/96 MP: 14/18
  2508 | D        | Killed a cyclops
  2802 | D        | Noticed a death cob
  2820 | D        | Killed a death cob
  2821 | D        | Reached skill level 16 in Dodging
  2863 | D        | Reached skill level 15 in Long Blades
  3093 | D        | Got the +4 great sword of the Evil Eye {vorpal, rPois Str-5
                  | Int+3}
  3256 | D        | Noticed a wolf spider
  3256 | D        | Noticed a great orb of eyes
  3270 | D        | Killed a wolf spider
  3271 | D        | Reached skill level 15 in Polearms
  3276 | D        | Paralysed by a great orb of eyes for 5 turns
  3286 | D        | Killed a great orb of eyes
  3286 | D        | Received a gift from Okawaru
  3638 | D        | Noticed a deep elf pyromancer
  3646 | D        | Killed a deep elf pyromancer
  3647 | D        | Reached skill level 10 in Armour
  3666 | D        | Found the dreamshard necklace {*Dream Drain}
  3666 | D        | Noticed an anaconda
  3666 | D        | Noticed a deep elf sorcerer
  3666 | D        | Noticed a nagaraja
  3666 | D        | Noticed a white draconian
  3666 | D        | Noticed a fire dragon
  3687 | D        | Killed an anaconda
  3688 | D        | Reached skill level 17 in Dodging
  3691 | D        | Killed from afar by a deep elf sorcerer

Illustrated notes

Levels and vault maps discovered:
D:        pitsprint [storerooms_1, entrance_room_1, metal_vault_4, armoury_2,
          mini_pit_1, grid_room_1, main_hall_1, silver_pit, the_coven_1,
          the_vestibule_1, steel_vault_2, golden_pit, hallway_of_sentries,
          crystal_vault_1, iron_vault_2, final_vault]

Skill      XL: |  1  2  3  4  5  6  7  8  9 10 11 |
---------------+----------------------------------+-----
Long Blades    | 4 6 7 8 9 10 11 13 15 | 15.7
Invocations    | 1 4 5 6 7 9 10 | 10.2
Armour         | 1 2 3 4 5 6 7 8 10 | 10.1
Fighting       | 5 6 7 8 9 10 12 14 | 14.2
Dodging        | 6 8 9 10 11 13 15 17 | 17.0
Polearms       | 3 5 7 9 10 13 15 | 15.6
Throwing       | |  2.0

Action                   |  1- 3 |  4- 6 |  7- 9 | 10-12 || total
-------------------------+-------+-------+-------+-------++-------
Melee: Long sword        |    26 |    10 |       |       ||    36
       Trident           |       |    31 |    47 |       ||    78
       Punch             |       |     1 |     1 |     1 ||     3
       Halberd           |       |       |    66 |   259 ||   325
       Scimitar          |       |       |       |    21 ||    21
Invok: Heroism           |       |     1 |     4 |     4 ||     9
       Finesse           |       |       |       |     4 ||     4
  Use: Potion            |     1 |     2 |     5 |     5 ||    13
 Stab: Sleeping          |     1 |       |       |       ||     1
       Petrified         |       |       |       |     2 ||     2
Armor: Leather armour    |     5 |     4 |       |       ||     9
       Chain mail        |       |     9 |     9 |       ||    18
       Plate armour      |       |       |    33 |   180 ||   213
Dodge: Dodged            |    20 |    23 |    52 |   141 ||   236

Table legend: (Time is in decaauts)
 A = Elapsed time spent in this place.
 B = Non-inter-level travel time spent in this place.
 C = Inter-level travel time spent in this place.
 D = Time resting spent in this place.
 E = Time spent auto-exploring this place.
 F = Levels seen in this place.
 G = Mean time per level.
                   A        B        C        D        E       F      G
               +--------+--------+--------+--------+--------+-----+--------+
         Total |   3583 |   3521 |     62 |   2425 |      0 |   1 | 3583.0 |
       Dungeon |   3583 |   3521 |     62 |   2425 |      0 |   1 | 3583.0 |
               +--------+--------+--------+--------+--------+-----+--------+

Top non-repeatable levels by time:
       D: 3583 daAuts
